 Dungeon Crawl Stone Soup version 0.30-a0-292-g0f741e3f8e (webtiles) character file.

Game seed: 491070755978721358

9 Flugkiller the Insei (level 2, 21/21 HPs)
             Began as a Demonspawn Wanderer on Oct 17, 2022.
             Quit the game on level 1 of the Dungeon.
             The game lasted 00:01:07 (240 turns).

Flugkiller the Insei (Demonspawn Wanderer)           Turns: 240, Time: 00:01:07

Health: 21/21      AC:  4    Str:  8    XL:     2   Next: 3%
Magic:  3/3        EV: 11    Int: 14    God:
Gold:   43         SH:  0    Dex: 15    Spells: 2/3 levels left

rFire   . . .      SeeInvis .    a - +0 dagger
rCold   . . .      Faith    .    (no shield)
rNeg    . . .      Spirit   .    e - +0 robe
rPois   .          Reflect  .    g - +0 helmet
rElec   .          Harm     .    (no cloak)
rCorr   .          Rampage  .    f - +0 pair of gloves
Will    .....                    (no boots)
Stlth   +.........               (no amulet)
HPRegen 0.23/turn                (no ring)
MPRegen 0.16/turn                (no ring)

@: no status effects
A: magic regeneration
a: no special abilities


You were on level 1 of the Dungeon.
You visited 1 branch of the dungeon, and saw 1 of its levels.

You collected 43 gold pieces.

Inventory:

Hand Weapons
 a - a +0 dagger (weapon)
Missiles
 b - 8 boomerangs (quivered)
Armour
 e - a +0 robe (worn)
 f - a +0 pair of gloves (worn)
   (You found it on level 1 of the Dungeon)
 g - a +0 helmet (worn)
   (You found it on level 1 of the Dungeon)
Scrolls
 c - a scroll of silence
 h - a scroll of enchant armour {unknown}
Potions
 d - a potion of attraction
 i - a potion of curing {unknown}


   Skills:
 + Level 1.1 Fighting
 - Level 1.7 Throwing
 - Level 1.0 Armour
 + Level 3.0 Unarmed Combat
 - Level 1.0 Spellcasting
 - Level 2.0 Summonings
 - Level 1.0 Evocations


You had 2 spell levels left.
You knew the following spells:

 Your Spells              Type           Power      Damage    Failure   Level
a - Summon Small Mammal   Summ           24%        N/A       12%         1

Your spell library contained the following spells:

 Spells                   Type           Power      Damage    Failure   Level
 Call Canine Familiar     Summ           6%         N/A       34%         3
 Animate Armour           Summ/Erth      6%         N/A       86%         4


Dungeon Overview and Level Annotations

Branches:
Dungeon (1/15) Zot: 5758

Altars:


Innate Abilities, Weirdness & Mutations

You regenerate magic rapidly.


Message History

No target in view!
No target in view!
There is a stone staircase leading down here.
A bat is nearby!
A bat is nearby!
You closely miss the bat. The bat hits you but does no damage. x2
You closely miss the bat. Your punch misses the bat.
The bat hits you but does no damage. The bat hits you.
The bat closely misses you.
A goblin comes into view. It is wielding a +0 dagger.
The bat hits you. The bat hits you but does no damage.
The bat hits you but does no damage.
You closely miss the bat. The bat barely misses you.
The bat barely misses you. x2
You barely miss the bat. The bat hits you but does no damage. The bat hits you.
You hit the bat.
The bat is severely wounded.
The bat hits you. The bat hits you but does no damage.
You closely miss the bat.
The bat is severely wounded.
The bat closely misses you. The bat hits you but does no damage.
The bat barely misses you.
You hit the bat but do no damage.
The bat is moderately wounded.
The bat hits you but does no damage. x2
You closely miss the bat. The bat hits you but does no damage. x2
You barely miss the bat. The bat hits you. x2
You hit the bat.
The bat is severely wounded.
The bat misses you. The bat hits you but does no damage.
The bat hits you but does no damage. The bat barely misses you.
The bat hits you but does no damage.
You closely miss the bat.
The bat is moderately wounded.
The bat barely misses you.
You closely miss the bat.
The bat is moderately wounded.
The bat hits you but does no damage. The bat hits you but does no damage.
The bat closely misses you.
You hit the bat.
You kill the bat!
No target in view!
No target in view!
No target in view!
No target in view!
No target in view!
No target in view!
No target in view!
No target in view!
No target in view!
No target in view!
No target in view!
HP restored.
h - a scroll labelled CIXKUAM FER You now have 29 gold pieces (gained 7).
i - a murky white potion The goblin barely misses you.
You see here 14 gold pieces.
You hit the goblin but do no damage. The goblin hits you but does no damage.
You barely miss the goblin. The goblin hits you with a +0 dagger.
You closely miss the goblin. The goblin hits you with a +0 dagger.
You hit the goblin.
The goblin is heavily wounded.
The goblin hits you with a +0 dagger.
You barely miss the goblin.
The goblin is heavily wounded.
The goblin hits you but does no damage.
You hit the goblin.
You kill the goblin!
Your Fighting skill increases to level 1!
Your Unarmed Combat skill increases to level 3!
No target in view!
No target in view!
You now have 43 gold pieces (gained 14).
Things that are here:
a +0 dagger; a goblin corpse
Found 4 silver javelins.
An endoplasm comes into view.
Found 16 gold pieces.
An endoplasm is nearby!
An endoplasm is nearby!
You hit the endoplasm but do no damage. The endoplasm misses you.
You hit the endoplasm.
The endoplasm is lightly wounded.
The endoplasm completely misses you.
You hit the endoplasm.
The endoplasm is heavily wounded.
The endoplasm hits you but does no damage.
You hit the endoplasm but do no damage.
The endoplasm is heavily wounded.
The endoplasm closely misses you.
You hit the endoplasm.
You kill the endoplasm!
You have reached level 2!
Your demonic ancestry asserts itself...
Your magic begins to regenerate rapidly.
Are you sure you want to abandon this character and quit the game? (Confirm with "yes".)

#####...####. ..#
............. .. ....
............. ... ..#
............. .. ..#
##.#...#.### #. #..
#..)#.# ####.##.# #
#...#.# ..$.....##.# #
#.†.#.# #.###....@..#
#.#...#.# .........####
#.......# .##.....#
###...###
#.#####.############.# ###
#..(....###......# #.###..
#.......#.#.####.###.##.~~
########....##.........#~8
#........#.###..##~~
##...)####>##..#.#≈~


There were no monsters in sight!

Vanquished Creatures
  An endoplasm (D:1)
  2 goblins (D:1)
  A hobgoblin (D:1)
  2 ball pythons (D:1)
  A bat (D:1)
  A frilled lizard (D:1)
  A rat (D:1)
9 creatures vanquished.

Notes
Turn   | Place    | Note
-------+----------+-------------------------------------------
     0 | D:1      | Flugkiller the Demonspawn Wanderer began the quest for the
                  | Orb.
     0 | D:1      | Flugkiller set off with the following items: a +0 dagger, 8
                  | boomerangs, a scroll of silence, a potion of attraction, a
                  | +0 robe; and the following spell memorised: Summon Small
                  | Mammal; and the following spells available to memorise:
                  | Call Canine Familiar, Animate Armour.
     0 | D:1      | Reached XP level 1. HP: 13/13 MP: 2/2
   220 | D:1      | Reached skill level 1 in Fighting
   220 | D:1      | Reached skill level 3 in Unarmed Combat
   240 | D:1      | Gained mutation: You regenerate magic rapidly. [demonic
                  | ancestry]
   240 | D:1      | Reached XP level 2. HP: 21/21 MP: 3/3
   240 | D:1      | Quit the game

Illustrated notes

Levels and vault maps discovered:
D:1:      lightli_arrival_boilingwater, layout_loops_cross,
          minmay_misc_feat_encased, patterned_corridor

Skill      XL: |  1 |
---------------+----+-----
Fighting       | 1 |  1.1
Unarmed Combat | 3 |  3.0
Throwing       | |  1.7
Armour         | |  1.0
Spellcasting   | |  1.0
Summonings     | |  2.0
Evocations     | |  1.0

Action                   || total
-------------------------++-------
Melee: Dagger            ||    46
Armor: Robe              ||    28
Dodge: Dodged            ||    35

Table legend: (Time is in decaauts)
 A = Elapsed time spent in this place.
 B = Non-inter-level travel time spent in this place.
 C = Inter-level travel time spent in this place.
 D = Time resting spent in this place.
 E = Time spent auto-exploring this place.
 F = Levels seen in this place.
 G = Mean time per level.
                   A        B        C        D        E       F      G
               +--------+--------+--------+--------+--------+-----+--------+
         Total |    241 |    241 |      0 |      0 |     78 |   1 |  241.0 |
       Dungeon |    241 |    241 |      0 |      0 |     78 |   1 |  241.0 |
               +--------+--------+--------+--------+--------+-----+--------+

Top non-repeatable levels by time:
     D:1: 241 daAuts
